 Dungeon Crawl Stone Soup version 0.30-a0-778-g2ef04afb54 (webtiles) character file.

Game seed: 14919625561871070595

279203 Flugslaktarn the Executioner (level 19, -28/205 HPs)
             Began as a Minotaur Fighter on Feb 15, 2023.
             Was an Initiate of Gozag.
             Killed from afar by a yellow draconian annihilator (49 damage)
             ... with a bolt of lightning
             ... on level 4 of the Depths.
             The game lasted 00:21:57 (36267 turns).

Flugslaktarn the Executioner (Minotaur Fighter)    Turns: 36267, Time: 00:21:58

Health: -28/205    AC: 39    Str: 22    XL:     19   Next: 22%
Magic:  18/18      EV: 15    Int:  5    God:    Gozag
Gold:   12584      SH:  0    Dex: 13    Spells: 18/18 levels left

rFire   + . .      SeeInvis .    a - +6 battleaxe (vamp)
rCold   + . .      Faith    .    (shield currently unavailable)
rNeg    . . .      Spirit   .    T - +0 crystal plate armour {rC+}
rPois   .          Reflect  .    x - +2 hat {Will+}
rElec   .          Harm     .    I - +2 cloak
rCorr   .          Rampage  .    G - +2 pair of gloves
Will    ++...                    H - +2 pair of boots {Fly} Stlth
                                 b - amulet of the acrobat
HPRegen 0.54/turn                f - ring of protection from fire
MPRegen 0.16/turn                v - +5 ring of evasion

@: lethally poisoned (-28 -> -31), corroded, gold aura, flying, studying Hexes
A: horns 2, retaliatory headbutt, iridescent scales 1, robust 1, screaming 1,
shaggy fur 1, weak 2
}: 3/15 runes: decaying, abyssal, gossamer
a: Renounce Religion, Potion Petition, Call Merchant, Bribe Branch


You were on level 4 of the Depths.
You worshipped Gozag.
Gozag was extremely pleased with you.
You visited 6 branches of the dungeon, and saw 34 of its levels.
You visited the Abyss 1 time.
You also visited: Ossuary, Bailey and Ice Cave.

You collected 14414 gold pieces.
You spent 1546 gold pieces at shops.
You paid 284 gold pieces to Gozag.

Inventory:

Hand Weapons
 a - a +6 vampiric battleaxe (weapon)
   (You took it off an orc warlord on level 1 of the Orcish Mines)
 B - a +5 battleaxe of freezing
   (You took it off a wight on level 8 of the Dungeon)
Missiles
 R - a throwing net (quivered)
Armour
 x - a +2 hat of willpower (worn)
   (You took it off Gastronok on level 8 of the Dungeon)
 G - a +2 pair of gloves (worn)
   (You found it on level 1 of the Dungeon)
 H - a +2 pair of boots of flying (worn)
   (You found it in a bailey)
 I - a +2 cloak (worn)
   (You found it on level 3 of the Dungeon)
 T - a +0 crystal plate armour of cold resistance (worn)
   (You found it in an ice cave)
 U - a +2 plate armour of fire resistance
   (You bought it in a shop on level 2 of the Orcish Mines)
Jewellery
 b - an amulet of the acrobat (around neck)
   (You bought it in a shop on level 8 of the Dungeon)
 c - a ring of protection from cold
   (You found it on level 4 of the Lair of Beasts)
 f - a ring of protection from fire (left hand)
   (You found it on level 2 of the Lair of Beasts)
 g - the ring of Jealousy {Ice Str+5 Dex+3}
   (You took it off Josephina on level 2 of the Depths)

   [ring of ice]

   It enhances your ice magic.
   Str:       It affects your strength (+5).
   Dex:       It affects your dexterity (+3).
   rF:        It makes you vulnerable to fire.
   rC:        It protects you from cold.
 i - a ring of see invisible
   (You found it on level 10 of the Dungeon)
 j - a +6 ring of strength
   (You found it on level 1 of the Dungeon)
 m - a ring of willpower
   (You found it on level 3 of the Dungeon)
 o - a ring of poison resistance
   (You found it on level 8 of the Dungeon)
 v - a +5 ring of evasion (right hand)
   (You bought it in a shop on level 8 of the Dungeon)
Wands
 e - a wand of paralysis (24)
   (You took it off Ijyb on level 5 of the Dungeon)
 y - a wand of iceblast (6)
   (You found it on level 1 of the Spider Nest)
 A - a wand of acid (7)
   (You found it on level 8 of the Dungeon)
 E - a wand of mindburst (46)
   (You found it on level 4 of the Dungeon)
Scrolls
 l - a scroll of magic mapping
 n - 4 scrolls of enchant armour
 r - 12 scrolls of identify
 s - 4 scrolls of enchant weapon
 t - 15 scrolls of teleportation
 z - 2 scrolls of blinking
 C - 4 scrolls of fog
 K - 3 scrolls of immolation
 L - a scroll of silence
 M - a scroll of brand weapon
 N - 6 scrolls of vulnerability
 Q - 3 scrolls of fear
Potions
 d - 2 potions of might
 h - 3 potions of haste
 k - a potion of berserk rage
 p - 3 potions of cancellation
 q - 8 potions of curing
 u - 10 potions of mutation
 w - 2 potions of heal wounds
 D - 11 potions of flight
 F - 9 potions of lignification
 J - 3 potions of magic
 P - 2 potions of invisibility
 S - 7 potions of ambrosia
Miscellaneous
 W - a phantom mirror
   (You found it on level 14 of the Dungeon)


   Skills:
 + Level 20.4 Fighting
 - Level 25.8 Axes
 + Level 20.4 Armour
 + Level 12.4 Dodging
 - Level 7.9 Shields
 - Level 6.0 Evocations


You had 18 spell levels left.
You didn't know any spells.
Your spell library was empty.

Dungeon Overview and Level Annotations

Branches:
Dungeon (15/15)            Temple (0/1) D:6            Lair (5/5) D:10
  Swamp (4/4) Lair:3       Spider (4/4) Lair:3        Slime (0/5) Lair:5
    Orc (2/2) D:10            Elf (0/3) Orc:2        Vaults (0/5) D:13
 Depths (4/4) D:15        Ossuary (visited)          Bailey (visited)
  IceCv (visited)
    Zot: Depths:4

Altars:
Ashenzari
Fedhas
Gozag
Okawaru
Ru
Sif Muna
Trog
Wu Jian

Shops:
D:6 (   D:8 =   D:13 [   D:15 =   Orc:2 *[(=   Depths:3 *

Portals:
Abyss: Depths:3
Pandemonium: Depths:4

Annotations:
D:12 1 runed translucent door
Spider:1 1 runed translucent door
Spider:3 Roxanne
Depths:1 10 runed doors


Innate Abilities, Weirdness & Mutations

You have a pair of horns on your head.
You reflexively headbutt those who attack you in melee.
You are partially covered in iridescent scales. (AC +2)
You are robust. (+10% HP)
You occasionally shout uncontrollably at your foes.
You are covered in fur. (AC +1)
You are very weak. (Str -4)


Message History

No target in view!
No target in view!
No target in view!
No target in view!
No target in view!
A white draconian comes into view. It is wielding a +0 trident.
A white draconian is nearby!
A white draconian is nearby!
Items here: $ )))) [.
The white draconian completely misses you.
The white draconian breathes frost at you.
The blast of cold misses you.
You slice the white draconian!!
You headbutt the white draconian, but do no damage.
The white draconian is moderately wounded.
The white draconian hits you with a +0 trident!
A yellow draconian annihilator comes into view.
It is wielding a +0 whip.
You yell at the yellow draconian annihilator!
You hear two shouts!
You hear a deafening roar!
You hear a roar! x2
You hit the white draconian but do no damage.
You headbutt the white draconian, but do no damage.
The white draconian is moderately wounded.
You barely miss the white draconian.
Your headbutt misses the white draconian.
The white draconian is moderately wounded.
The white draconian completely misses you.
You slash the white draconian!
You feel better.
The white draconian is moderately wounded.
The white draconian hits you but does no damage.
The yellow draconian annihilator spits acid at you.
The glob of acid hits you but does no damage.
The acid corrodes you!
You slice the white draconian like a ripe choko!!!
You feel better.
You headbutt the white draconian.
The white draconian is almost dead.
The white draconian breathes frost at you.
The blast of cold hits you! You resist.
You slash the white draconian!
You feel better.
The white draconian is almost dead.
You hit the white draconian but do no damage.
The white draconian is almost dead.
The yellow draconian annihilator gestures at you while chanting.
The poison arrow hits you!!!
You are poisoned.
The white draconian hits you but does no damage.
You barely miss the white draconian.
The white draconian is almost dead.
You feel very sick.
The white draconian hits you with a +0 trident.
You slash the white draconian!
You feel better.
Your headbutt misses the white draconian.
The white draconian is almost dead.
You feel very sick.
You slice the white draconian!!
You feel better.
You kill the white draconian!
You feel very sick.
A yellow draconian annihilator is nearby!
You feel very sick.
You slash the yellow draconian annihilator!
The yellow draconian annihilator is lightly wounded.
You feel very sick.
The yellow draconian annihilator gestures at you while chanting.
The iron shot hits you!!!
You closely miss the yellow draconian annihilator.
You headbutt the yellow draconian annihilator, but do no damage.
The yellow draconian annihilator is lightly wounded.
You feel sick.
You slice the yellow draconian annihilator!!
Your headbutt misses the yellow draconian annihilator.
The yellow draconian annihilator is heavily wounded.
You feel sick.
The yellow draconian annihilator points at you and mumbles some strange words.
The iron shot hits you!!!
* * * LOW HITPOINT WARNING * * *
You are too injured to fight recklessly!
You are too injured to fight recklessly!
You are too injured to fight recklessly!
You are too injured to fight recklessly!
You are too injured to fight recklessly!
You hit the yellow draconian annihilator but do no damage.
The yellow draconian annihilator is heavily wounded.
You feel sick.
A fire dragon comes into view.
The yellow draconian annihilator spits acid at you.
The glob of acid hits you!
* * * LOW HITPOINT WARNING * * *
You are too injured to fight recklessly!
You barely miss the yellow draconian annihilator.
You headbutt the yellow draconian annihilator!
The yellow draconian annihilator is heavily wounded.
You feel sick.
The yellow draconian annihilator hits you with a +0 whip.
* * * LOW HITPOINT WARNING * * *
You feel much better.
You feel sick.
The yellow draconian annihilator points at you and mumbles some strange words.
The bolt of lightning hits you!!
* * * LOW HITPOINT WARNING * * *
The bolt of lightning hits you!!!
You die...
Your body crumbles into a pile of gold.

... ...## ##.D. ..⌠. ##... #...#
###..$## ###......## ......q@..#
..........# .## ..⌠.....$$# ..##
......##$.## .... ...###
......###..#..........
.....####..#...#.#.)#...........
........## ##. #.##.##..........
........# ###.##..##.#.........#
........# #.# #....#'#.........#


You could see a fire dragon and a yellow draconian annihilator (catching
breath).

Vanquished Creatures
  Josephina (Depths:2)
  Margery (Depths:3)
  A golden dragon (Depths:4)
  A bone dragon (Swamp:4)
  Arachne (Spider:3)
  A lich (Depths:2)
  2 tentacled starspawn (Abyss:4)
  Frances (Spider:2)
  Gastronok (D:8)
  2 thorn hunters (Swamp:4)
  A fire giant (D:15)
  2 frost giants (IceCv)
  Louise (Spider:4)
  3 emperor scorpions
  6 ghost moths
  An orc warlord (Orc:1)
  3 very ugly things (Depths:1)
  4 broodmothers
  4 eleionomae
  4 stone giants
  2 black draconians (Depths:4)
  3 white draconians
  Azrael (D:14)
  3 bunyips
  A spark wasp (Spider:4)
  A purple draconian (Depths:4)
  2 merfolk javelineers (Abyss:4)
  2 ettins
  A merfolk impaler (Depths:2)
  4 entropy weavers
  An entropy weaver (shapeshifter) (D:13)
  An ettin (shapeshifter) (Depths:4)
  A deep elf high priest (Depths:4)
  12 hydras
  A rakshasa (D:8)
  13 ice dragons
  3 ogre magi
  5 catoblepae
  2 jorogumos
  Erolcha (Orc:1)
  A spriggan air mage (Depths:2)
  18 death yaks (Lair:5)
  2 radroaches
  7 ironbound frosthearts (IceCv)
  4 alligators
  A boulder beetle (Spider:2)
  4 centaur warriors
  22 two-headed ogres
  A death scarab (Spider:2)
  5 tengu warriors
  A deep troll shaman (Depths:4)
  A thrashing horror (Abyss:4)
  5 orc high priests (Orc:2)
  2 deep troll earth magi (Depths:4)
  A sun demon (Abyss:4)
  3 spriggan berserkers
  6 hell knights (Depths:3)
  A soul eater (D:9)
  3 iron trolls (Depths:4)
  4 pharaoh ants
  4 skeletal warriors (D:11)
  2 wretched stars (Abyss:4)
  2 swamp dragons
  2 spriggan druids
  4 goliath frogs
  A glowing orange brain (Depths:2)
  A flayed ghost (Depths:2)
  5 deep trolls (Depths:4)
  8 orb spiders
  A spectral hydra (Swamp:4)
  An orange crystal statue (IceCv)
  2 steelbarb worms
  5 orc knights
  3 deep elf pyromancers
  3 bog bodies (Swamp:4)
  21 wolf spiders
  7 cyclopes
  5 moths of wrath
  3 will-o-the-wisps
  2 large abominations (Abyss:4)
  6 manticores
  4 orc sorcerers
  26 ugly things
  A worldbinder (Abyss:4)
  Joseph (D:8)
  12 elephants
  4 black mambas
  7 demonic crawlers
  A smoke demon (Abyss:4)
  An apocalypse crab (Abyss:4)
  A guardian serpent (shapeshifter) (D:14)
  A rust devil (D:9)
  9 cane toads
  A cane toad (shapeshifter) (Spider:3)
  A black mamba (shapeshifter) (D:13)
  2 guardian serpents (Abyss:4)
  4 torpor snails
  3 kobold demonologists
  13 rime drakes
  Psyche (D:8)
  4 yaktaurs (D:13)
  A golden dragon simulacrum (Depths:2)
  2 swamp worm zombies (Swamp:4)
  3 freezing wraiths
  6 komodo dragons
  4 tengu conjurers
  2 hellwings (D:9)
  2 red devils (D:9)
  An efreet (D:15)
  An ice devil (D:9)
  5 polar bears
  A polar bear (shapeshifter) (D:14)
  2 ancient zymes (Abyss:4)
  6 hydra zombies (Swamp:4)
  14 meliai
  5 tyrant leeches
  A sphinx simulacrum (Depths:2)
  6 hornets
  Prince Ribbit (D:5)
  6 trolls
  12 blink frogs
  28 tarantellas
  4 raiju (Abyss:4)
  An alligator zombie (Swamp:4)
  7 dream sheep
  6 spectral swamp dragons (Swamp:4)
  9 spriggans
  31 culicivoras
  33 jumping spiders
  3 shadows
  19 slime creatures
  A centaur simulacrum (D:15)
  2 fire giant simulacra (Depths:2)
  A small abomination (Abyss:4)
  A vampire (D:13)
  46 yaks
  2 wraiths
  4 wyverns
  A basilisk (Lair:2)
  3 water elementals (Depths:2)
  A ynoxinul (D:9)
  2 fire elementals (D:14)
  Eustachio (D:5)
  5 starcursed masses (Abyss:4)
  A chaos spawn (D:9)
  A human (shapeshifter) (D:14)
  A neqoxec (D:9)
  16 vampire mosquitoes
  42 redbacks
  5 wargs
  3 acid dragons
  8 swamp worms
  12 water moccasins
  Duvessa (D:6)
  3 hell hounds (D:14)
  A swamp drake (Swamp:3)
  3 black bears
  3 ice beasts
  39 orc warriors
  2 sky beasts
  A swamp dragon zombie (Swamp:4)
  9 wolves (Lair:2)
  26 ogres
  10 centaurs
  An elf zombie (Ossuary)
  4 phantoms (Swamp:4)
  Blork the orc (D:5)
  6 kobold brigands
  13 bullfrogs
  3 gnoll sergeants
  3 scorpions
  12 wights
  Dowan (D:6)
  25 killer bees
  6 howler monkeys
  10 electric eels
  4 lava snakes (Lair:2)
  A centaur zombie (Ossuary)
  5 quasits (D:9)
  2 human zombies (Ossuary)
  2 jellies
  16 orc priests
  2 hounds
  Jessica (D:3)
  Natasha (thrice) (D:3)
  Ijyb (D:5)
  A spectral swamp drake (Swamp:4)
  3 iguanas
  26 orc wizards
  11 hell rats
  2 mummies (Ossuary)
  Robin (D:3)
  13 gnolls
  3 adders
  5 shadow imps
  A white imp (D:6)
  2 adder zombies (Ossuary)
  3 worms
  5 dart slugs
  58 orcs
  9 ball pythons
  7 bats
  5 endoplasms
  2 giant cockroaches
  8 hobgoblins
  8 jackals
  33 kobolds
  A frilled lizard (D:2)
  19 goblins
  4 goblin zombies (Ossuary)
  6 hobgoblin zombies (Ossuary)
  9 kobold zombies (Ossuary)
  12 orc zombies (Ossuary)
  2 rats
  12 briar patches (Swamp:4)
  A lurking horror (Abyss:4)
  A starspawn tentacle (Abyss:4)
1252 creatures vanquished.

Vanquished Creatures (others)
  A will-o-the-wisp (Swamp:2)
  A bloated husk (Swamp:2)
  An orc warrior (Orc:2)
  3 bushes
  A demonic plant (D:9)
  10 foxfires
  21 fungi
  35 plants
  9 starspawn tentacles (Abyss:4)
82 creatures vanquished.

Grand Total: 1334 creatures vanquished

Notes
Turn   | Place    | Note
-------+----------+-------------------------------------------
     0 | D:1      | Flugslaktarn the Minotaur Fighter began the quest for the
                  | Orb.
     0 | D:1      | Reached XP level 1. HP: 19/19 MP: 0/0
   225 | D:1      | Reached XP level 2. HP: 27/27 MP: 1/1
   235 | D:1      | Found a faded altar of an unknown god.
   560 | D:1      | Reached skill level 3 in Axes
   909 | D:2      | Found an opulent altar of Gozag.
   911 | D:2      | Reached XP level 3. HP: 33/33 MP: 2/2
   916 | D:2      | Became a worshipper of Gozag Ym Sagoz the Greedy
  1369 | D:3      | Reached XP level 4. HP: 41/41 MP: 3/3
  1404 | D:3      | Noticed Robin
  1434 | D:3      | Killed Robin
  1555 | D:3      | Noticed Natasha
  1558 | D:3      | Killed Natasha
  1559 | D:3      | Reached skill level 4 in Axes
  1659 | D:3      | Found a broken altar of Ashenzari.
  1669 | D:3      | Noticed Jessica
  1674 | D:3      | Killed Jessica
  1675 | D:3      | Reached skill level 5 in Fighting
  1675 | D:3      | Reached skill level 5 in Armour
  1675 | D:3      | Reached XP level 5. HP: 48/48 MP: 4/4
  1677 | D:3      | Noticed Natasha
  1682 | D:3      | Killed Natasha
  1780 | D:3      | Noticed Natasha
  1788 | D:3      | Killed Natasha
  2011 | D:4      | Reached XP level 6. HP: 55/56 MP: 5/5
  2185 | D:4      | Found a sand-covered staircase.
  2197 | Ossuary  | Entered an ossuary
  2293 | Ossuary  | Reached skill level 5 in Axes
  3156 | D:4      | Gained mutation: You are dopey. (Int -2) [potion of
                  | mutation]
  3157 | D:4      | Lost mutation: You are dopey. (Int -2) [potion of mutation]
  3157 | D:4      | Gained mutation: You are robust. (+10% HP) [potion of
                  | mutation]
  3157 | D:4      | Gained mutation: You are covered in fur. (AC +1) [potion of
                  | mutation]
  3157 | D:4      | Gained mutation: You are partially covered in iridescent
                  | scales. (AC +2) [potion of mutation]
  3181 | D:5      | Entered Level 5 of the Dungeon
  3189 | D:5      | Reached XP level 7. HP: 54/69 MP: 6/6
  3333 | D:5      | Reached skill level 6 in Axes
  3337 | D:5      | HP: 2/69 [gnoll sergeant/+0 spear of venom (11)]
  3347 | D:5      | HP: 4/103 [poisoned by a gnoll sergeant]
  3348 | D:5      | Reached skill level 1 in Evocations
  3351 | D:5      | HP: 1/70 [poisoned by a gnoll sergeant]
  3509 | D:5      | Noticed Ijyb
  3520 | D:5      | Killed Ijyb
  3570 | D:5      | Reached skill level 5 in Shields
  3586 | D:5      | Noticed Eustachio
  3592 | D:5      | Killed Eustachio
  3593 | D:5      | Reached XP level 8. HP: 74/78 MP: 7/7
  3641 | D:5      | Noticed Prince Ribbit
  3650 | D:5      | Killed Prince Ribbit
  3651 | D:5      | Reached skill level 7 in Axes
  4064 | D:5      | Noticed Blork the orc
  4073 | D:5      | Killed Blork the orc
  4093 | D:5      | Found a bloodstained altar of Trog.
  4226 | D:6      | Reached skill level 8 in Axes
  4380 | D:6      | Found a blossoming altar of Fedhas.
  4451 | D:6      | Reached XP level 9. HP: 76/86 MP: 8/8
  4505 | D:6      | Found a staircase to the Ecumenical Temple.
  4568 | D:6      | Noticed Duvessa
  4568 | D:6      | Noticed Dowan
  4574 | D:6      | Killed Duvessa
  4579 | D:6      | Killed Dowan
  4757 | D:6      | Found Behemias's Antique Weapon Boutique.
  4976 | D:7      | Identified the +7 spear of Pimaul {heavy, rElec Str+2 Dex+3
                  | Stlth+}
  5220 | D:7      | Reached skill level 9 in Axes
  5702 | D:8      | Noticed Gastronok
  5702 | D:8      | Found Roppooni's Jewellery Boutique.
  5725 | D:8      | Killed Gastronok
  5726 | D:8      | Reached skill level 10 in Axes
  5845 | D:8      | Reached XP level 10. HP: 91/99 MP: 9/9
  5849 | D:8      | Noticed Joseph
  5883 | D:8      | Killed Joseph
  6409 | D:8      | Reached skill level 11 in Axes
  6468 | D:8      | Reached skill level 5 in Evocations
  6608 | D:8      | Noticed Psyche
  6626 | D:8      | Killed Psyche
  6938 | D:8      | Bought a +5 ring of evasion for 432 gold pieces
  7168 | D:9      | Noticed a deep elf pyromancer
  7177 | D:9      | Killed a deep elf pyromancer
  7424 | D:9      | Noticed a soul eater
  7435 | D:9      | Killed a soul eater
  7436 | D:9      | Reached skill level 12 in Axes
  7437 | D:9      | Reached XP level 11. HP: 64/108 MP: 10/10
  7441 | D:9      | Noticed a two-headed ogre
  7450 | D:9      | Killed a two-headed ogre
  7451 | D:9      | Reached skill level 10 in Fighting
  7519 | D:9      | Found a flagged portal.
  7524 | D:9      | Reached skill level 10 in Armour
  7578 | Bailey   | Entered a bailey
  8235 | D:9      | Reached skill level 13 in Axes
  8284 | D:9      | Noticed a two-headed ogre
  8293 | D:9      | Killed a two-headed ogre
  8911 | D:9      | Noticed an ice dragon
  8923 | D:9      | Killed an ice dragon
  9011 | D:9      | Identified the +2 quick blade of True Grit {freeze, *Noise
                  | rElec rF++ Int+3}
  9130 | D:10     | Entered Level 10 of the Dungeon
  9412 | D:10     | Reached skill level 14 in Axes
  9456 | D:10     | Found a staircase to the Lair.
  9474 | D:10     | Found a sacrificial altar of Ru.
  9970 | D:10     | Found a staircase to the Orcish Mines.
 10074 | D:11     | Noticed a skeletal warrior
 10074 | D:11     | Noticed a skeletal warrior
 10075 | D:11     | Noticed a skeletal warrior
 10077 | D:11     | Noticed a skeletal warrior
 10098 | D:11     | Killed a skeletal warrior
 10112 | D:11     | Killed a skeletal warrior
 10113 | D:11     | Reached XP level 12. HP: 59/121 MP: 11/11
 10328 | D:11     | You are sucked into a shaft and drop 1 floor!
 10539 | D:12     | Reached skill level 15 in Axes
 11159 | D:12     | Found a runed translucent door.
 11610 | D:11     | Reached skill level 16 in Axes
 12104 | D:11     | Noticed a two-headed ogre
 12108 | D:11     | Killed a two-headed ogre
 12339 | D:11     | Noticed a two-headed ogre
 12350 | D:11     | Killed a two-headed ogre
 12439 | Lair:1   | Entered Level 1 of the Lair of Beasts
 13334 | Lair:2   | Reached XP level 13. HP: 127/130 MP: 12/12
 13641 | Lair:2   | Reached skill level 17 in Axes
 14718 | Lair:3   | Found a hole to the Spider Nest.
 15376 | Lair:3   | Found a staircase to the Swamp.
 16439 | Lair:4   | Reached skill level 18 in Axes
 16787 | Lair:4   | Found an iron altar of Okawaru.
 17048 | Lair:5   | Entered Level 5 of the Lair of Beasts
 17542 | Lair:5   | Reached XP level 14. HP: 146/146 MP: 13/13
 17622 | Lair:5   | Found a staircase to the Slime Pits.
 17640 | Lair:5   | Reached skill level 19 in Axes
 18210 | Lair:5   | Reached skill level 15 in Fighting
 18213 | Lair:5   | Reached skill level 15 in Armour
 18234 | Lair:5   | Reached skill level 20 in Axes
 20324 | D:13     | Reached XP level 15. HP: 120/157 MP: 14/14
 20440 | D:13     | Found Ivedgh's Antique Armour Boutique.
 21264 | D:13     | Found a gate to the Vaults.
 21356 | D:13     | Reached skill level 21 in Axes
 22256 | D:14     | Noticed Azrael
 22270 | D:14     | Killed Azrael
 22576 | D:14     | Found an ornate altar of the Wu Jian Council.
 23121 | D:15     | Entered Level 15 of the Dungeon
 23286 | D:15     | Found a staircase to the Depths.
 23290 | D:15     | Noticed a fire giant
 23298 | D:15     | Killed a fire giant
 23305 | D:15     | Reached skill level 22 in Axes
 23321 | D:15     | Found a shimmering blue altar of Sif Muna.
 23989 | D:15     | Found Paloxal's Jewellery Boutique.
 23990 | D:15     | Found an iron altar of Okawaru.
 24239 | Orc:1    | Entered Level 1 of the Orcish Mines
 24640 | Orc:1    | Noticed Erolcha
 24650 | Orc:1    | Reached XP level 16. HP: 160/170 MP: 15/15
 24651 | Orc:1    | Killed Erolcha
 25053 | Orc:2    | Entered Level 2 of the Orcish Mines
 25053 | Orc:2    | Found a staircase to the Elven Halls.
 25188 | Orc:2    | Found Ochifun's Jewellery Emporium.
 25250 | Orc:2    | Found Neinu's Antique Weapon Emporium.
 25844 | Orc:2    | Found Xeigecw's Antique Armour Boutique.
 26076 | Orc:2    | Found Zuyn's General Store.
 26084 | Orc:2    | Reached skill level 23 in Axes
 26349 | Orc:2    | Bought a glowing plate armour for 754 gold pieces
 26525 | Spider:1 | Entered Level 1 of the Spider Nest
 26777 | Spider:1 | Found a frozen archway.
 26794 | IceCv    | Entered an ice cave
 27823 | Spider:1 | Found a runed translucent door.
 27839 | Spider:1 | Identified a scroll of acquirement
 27848 | Spider:1 | Reached skill level 24 in Axes
 27925 | Spider:1 | Acquired 491 gold pieces
 28610 | Spider:2 | Reached XP level 17. HP: 171/182 MP: 1/16
 29349 | Spider:2 | Noticed Frances
 29363 | Spider:2 | Killed Frances
 29696 | Spider:3 | Noticed Arachne
 29713 | Spider:3 | Killed Arachne
 29810 | Spider:3 | Reached skill level 25 in Axes
 30194 | Spider:3 | Identified Roxanne's Catalogue of the Valley
 30194 | Spider:3 | Noticed Roxanne
 30513 | Spider:4 | Entered Level 4 of the Spider Nest
 31197 | Spider:4 | Got a gossamer rune of Zot
 31508 | Spider:4 | Noticed Louise
 31525 | Spider:4 | Killed Louise
 31983 | Swamp:1  | Entered Level 1 of the Swamp
 32090 | Swamp:2  | Reached skill level 1 in Dodging
 32100 | Swamp:2  | Reached XP level 18. HP: 193/193 MP: 17/17
 32234 | Swamp:4  | Entered Level 4 of the Swamp
 32268 | Swamp:4  | Reached skill level 5 in Dodging
 32911 | Swamp:4  | Noticed a bone dragon
 32929 | Swamp:4  | Killed a bone dragon
 33086 | Swamp:4  | Got a decaying rune of Zot
 33324 | D:8      | Gained mutation: You occasionally shout uncontrollably at
                  | your foes. [mutagenic glow]
 33524 | Abyss:3  | Cast into level 3 of the Abyss (unwielding a weapon of
                  | distortion)
 33538 | Abyss:3  | Gained mutation: You have hidden genetic defects.
                  | [mutagenic glow]
 33619 | Abyss:4  | Got an abyssal rune of Zot
 33809 | Abyss:4  | Reached skill level 10 in Dodging
 33822 | D:8      | Escaped the Abyss
 33966 | Depths:1 | Entered Level 1 of the Depths
 34132 | Depths:1 | Gained mutation: You are weak. (Str -2) [hidden defects]
 34243 | D:8      | Bought an amulet of the acrobat for 360 gold pieces
 34371 | Depths:1 | Found a huge runed gate.
 34371 | Depths:1 | Found a huge runed gate.
 34371 | Depths:1 | Found a huge runed gate.
 34371 | Depths:1 | Found a huge runed gate.
 34371 | Depths:1 | Found a huge runed gate.
 34372 | Depths:1 | Found a huge runed gate.
 34372 | Depths:1 | Found a huge runed gate.
 34373 | Depths:1 | Found a huge runed gate.
 34385 | Depths:1 | Found a huge runed gate.
 34390 | Depths:1 | Found a huge runed gate.
 34436 | Depths:2 | Identified the ring of Jealousy {Ice Str+5 Dex+3}
 34436 | Depths:2 | Noticed Josephina
 34454 | Depths:2 | Killed Josephina
 34682 | Depths:2 | Noticed a lich
 34695 | Depths:2 | Killed a lich
 34941 | Depths:3 | Found Tuobloro's General Store.
 35079 | Depths:3 | Noticed Margery
 35090 | Depths:3 | Gained mutation: You are very weak. (Str -4) [hidden
                  | defects]
 35090 | Depths:3 | Lost mutation: You have hidden genetic defects. [hidden
                  | defects expressed]
 35102 | Depths:3 | Killed Margery
 35350 | Depths:3 | Found a one-way gate to the infinite horrors of the Abyss.
 35366 | Depths:4 | Entered Level 4 of the Depths
 35597 | Depths:4 | Reached XP level 19. HP: 174/182 MP: 18/18
 35730 | Depths:4 | Found a one-way gate leading to the halls of Pandemonium.
 36159 | Depths:4 | Noticed a golden dragon
 36179 | Depths:4 | Killed a golden dragon
 36267 | Depths:4 | Killed from afar by a yellow draconian annihilator

Illustrated notes

Levels and vault maps discovered:
D:1:      lemuel_arrival_funnel, layout_basic,
          hellmonk_ecumenical_altar_prayer_group
D:2:      layout_basic, basic_altar, minmay_pentomino_z2
D:3:      kennysheep_big_flooded_room, layout_basic, ashenzari_altar_1,
          uniq_natasha, uniq_robin, uniq_jessica
D:4:      layout_loops_ring, chequers_ossuary_entry_cave
D:5:      layout_basic, lemuel_coloured_pillars_altar, uniq_ijyb,
          uniq_eustachio, uniq_prince_ribbit1, uniq_blork_the_orc
D:6:      layout_cave_pools, fedhas_altar_3, minmay_temple_entry_junction_2,
          serial_shops, nicolae_shop_waterfront, serial_glass, glass_columns_b,
          glass_columns_c, uniq_duvessa
D:7:      layout_loops_ring
D:8:      layout_basic, serial_shops, nicolae_shop_advertising_works
          [nicolae_subvault_shop_adworks], minmay_quadrilaterals, uniq_psyche,
          uniq_joseph, uniq_gastronok
D:9:      dragon1_lemuel, layout_basic, serial_demonic, serial_demonic_a,
          serial_demonic_g, serial_demonic_a, serial_demonic_d,
          serial_demonic_b, serial_demonic_e, serial_demonic_e, enter_bailey_5,
          serial_bayou_pond_e
D:10:     layout_loops_ring, nicolae_ru_awakened_eye, lair_entry_dummy,
          erik_orc_2, serial_rivers, chequers_serial_rivers_small_a,
          chequers_serial_rivers_micro_a, chequers_serial_rivers_large_a,
          chequers_serial_rivers_room_a, dk_noncrumbling_3
D:11:     layout_rooms, serial_co_window_serial, co_window_corner_a,
          co_window_paths_a, co_window_paths_a, co_window_corner_a,
          co_window_paths_a, co_window_2corner, co_window_paths_c,
          co_window_corner_cb, co_window_unsneaky_path_e, co_window_corner_b,
          co_window_of_opportunity_b, co_window_broadway_a, glass_columns_b,
          glass_columns_b, glass_columns_c, glass_columns_a,
          gauntlet_entry_generic
D:12:     gammafunk_mikee_crab_dinner, layout_gridville
D:13:     layout_layer_cave, hangedman_vaults_entry_quadrant_bands,
          serial_shops, nicolae_square_shop
D:14:     minmay_s_stair_smasher, layout_loops_corners,
          pdpol_wu_jian_five_deadly_venoms, minmay_orc_keep, uniq_azrael
D:15:     grunt_enter_depths_giant_problem, layout_basic, okawaru_trees_1,
          serial_shops, shop, led_sif_book
Lair:1:   layout_cave_pods
Lair:2:   layout_layer_cave, eino_small_chamber_without_monster,
          chequers_serial_rivers_marsh, nicolae_lair_liquid_snakes,
          grunt_megastairs_4
Lair:3:   layout_layer_cave, palyth_hydra_swamp_entry, dummy_spider_entry,
          serial_rivers, chequers_serial_rivers_small_b,
          chequers_serial_rivers_micro_c, chequers_serial_rivers_marsh,
          chequers_serial_rivers_small_a, st_stairs_10, beast_lair_carwin_4
Lair:4:   layout_cave_pods, basic_altar, grunt_megastairs_2
Lair:5:   evilmike_catoblepas_cave, layout_regular_city,
          minmay_slime_entry_pillars, serial_bayou_shore_b
Swamp:1:  layout_basic_swamp, evilmike_swamp_ruin_house_5
Swamp:2:  nzn_winding_woodlands_medium [nzn_winding_woodlands_5x5_open_star,
          nzn_winding_woodlands_5x15_zeroes, nzn_winding_woodlands_5x5_cross,
          nzn_winding_woodlands_5x5_checkerboard,
          nzn_winding_woodlands_center_garden,
          nzn_winding_woodlands_5x5_perimeter,
          nzn_winding_woodlands_5x5_default, nzn_winding_woodlands_5x15_garden,
          nzn_winding_woodlands_5x5_default], layout_falls_marsh,
          hangedman_swamp_diagram, uniq_mlioglotl, uniq_donald
Swamp:3:  layout_basic_swamp, hangedman_swamp_ruin_wall, swamp_pool2
Swamp:4:  swamp_pestilence, layout_basic_swamp
Spider:1: cheibrodos_spider_deadly_dance, portal_ice_cave_entry_dragon
Spider:2: layout_spider_delve, uniq_frances
Spider:3: layout_spider_delve, hellmonk_deceptive_appearances, uniq_roxanne,
          uniq_arachne
Spider:4: grunt_spider_rune_parallel, uniq_louise
Orc:1:    lemuel_ogre_cave, layout_caves
Orc:2:    grunt_orc_gardens, layout_caves, grunt_orc_garden, grunt_orc_garden,
          grunt_orc_garden, grunt_orc_garden
Depths:1: layout_cave_shapes, enter_ziggurat_c, minmay_holes,
          grunt_hell_entry_dis_old, minivault_22,
          serial_sigils_hangedman_confine, minmay_misc_feat_rows,
          kennysheep_flooded_box, not_door_vault_due
Depths:2: evilmike_pillar_path, layout_gridlike, rand_demon_pan_entry_3,
          hell_entry, minivault_14, grunt_tough_drop,
          infiniplex_staircase_pool_2, uniq_grunn, uniq_josephina
Depths:3: lemuel_flame_loot_2, layout_basic, abyss_entry_small_statue_room,
          hell_entry, nrook_campfire, minmay_shop_star, uniq_margery
Depths:4: grunt_zot_entry_gee_three, layout_cave_shapes, pan_entry, hell_entry,
          chequers_serial_rivers_micro_a, minmay_hidden_floor

Skill      XL: |  1  2  3  4  5  6  7  8  9 10 11 12 13 14 15 16 17 18 19 |
---------------+----------------------------------------------------------+-----
Armour         | 4 5 6 7 8 9 11 12 14 15 17 18 19 20 | 20.4
Fighting       | 4 5 6 7 8 9 11 12 14 15 17 18 19 20 | 20.4
Axes           | 3 4 5 6 8 10 12 14 16 18 20 22 24 25 | 25.8
Shields        | 4 5 6 7 |  7.9
Evocations     | 1 3 4 5 6 |  6.0
Dodging        | 1 11 12 | 12.4

Action                     |  1- 3 |  4- 6 |  7- 9 | 10-12 | 13-15 | 16-18 | 19-21 || total
---------------------------+-------+-------+-------+-------+-------+-------+-------++-------
  Melee: War axe           |    83 |   159 |   189 |   102 |       |       |       ||   533
         Headbutt          |    12 |    24 |    47 |   108 |   196 |   388 |    34 ||   809
         Battleaxe         |       |       |       |   431 |   822 |  1431 |   103 ||  2787
  Throw: Throwing net      |       |       |       |       |     1 |       |       ||     1
 Invoke: Potion Petition   |       |       |     1 |       |       |       |       ||     1
  Evoke: Wand              |       |       |       |     7 |    11 |       |       ||    18
    Use: Scroll            |       |    13 |     1 |     8 |     5 |    14 |       ||    41
         Potion            |       |     6 |     3 |     3 |     1 |     4 |     1 ||    18
   Stab: Distracted        |       |     1 |       |       |     3 |    23 |       ||    27
         Paralysed         |       |       |       |     5 |       |       |       ||     5
         Petrified         |       |       |       |       |     6 |       |       ||     6
         Petrifying        |       |       |       |       |     4 |       |       ||     4
 Armour: Scale mail        |    56 |    83 |    74 |       |       |       |       ||   213
         Chain mail        |       |       |    26 |   316 |   473 |    44 |       ||   859
         Plate armour      |       |       |       |       |       |   109 |       ||   109
         Crystal plate arm |       |       |       |       |       |   871 |   117 ||   988
  Dodge: Dodged            |    38 |    59 |    65 |   343 |   464 |   661 |   104 ||  1734
  Block: Buckler           |    19 |    11 |    68 |    37 |       |       |       ||   135
         Kite shield       |       |    41 |     9 |       |       |       |       ||    50
         Other             |       |       |       |    47 |   151 |   263 |       ||   461
         Reflection        |       |       |       |     1 |     9 |     6 |       ||    16

Table legend: (Time is in decaauts)
 A = Elapsed time spent in this place.
 B = Non-inter-level travel time spent in this place.
 C = Inter-level travel time spent in this place.
 D = Time resting spent in this place.
 E = Time spent auto-exploring this place.
 F = Levels seen in this place.
 G = Mean time per level.
                   A        B        C        D        E       F      G
               +--------+--------+--------+--------+--------+-----+--------+
         Total |  35833 |  33896 |   1937 |   4487 |  23365 |  39 |  918.8 |
       Dungeon |  17354 |  16200 |   1154 |   2701 |  10840 |  15 | 1156.9 |
          Lair |   6918 |   6529 |    389 |    612 |   5161 |   5 | 1383.6 |
         Swamp |   1168 |   1061 |    107 |    153 |    531 |   4 |  292.0 |
   Spider Nest |   4285 |   4149 |    136 |     42 |   3303 |   4 | 1071.2 |
  Orcish Mines |   2107 |   2033 |     74 |    320 |   1416 |   2 | 1053.5 |
        Depths |   2029 |   1955 |     74 |    527 |   1045 |   4 |  507.2 |
         Abyss |    269 |    269 |      0 |    131 |     20 |   2 |  134.5 |
       Ossuary |    338 |    338 |      0 |      0 |    184 |   1 |  338.0 |
        Bailey |    498 |    498 |      0 |      0 |    307 |   1 |  498.0 |
      Ice Cave |    863 |    863 |      0 |      0 |    556 |   1 |  863.0 |
               +--------+--------+--------+--------+--------+-----+--------+

Top non-repeatable levels by time:
  Lair:5: 2041 daAuts
    D:13: 1969 daAuts
  Lair:3: 1729 daAuts
     D:8: 1648 daAuts
    D:12: 1612 daAuts
  Lair:2: 1592 daAuts
    D:14: 1549 daAuts
Spider:2: 1363 daAuts
     D:9: 1331 daAuts
Spider:4: 1259 daAuts
    D:11: 1244 daAuts
   Orc:1: 1216 daAuts
    D:10: 1178 daAuts
     D:5: 1078 daAuts
     D:7: 1035 daAuts
